 Dungeon Crawl Stone Soup version 0.22-a0-565-gfc6459a (webtiles) character file.

5489 inc the Thaumaturge (level 10, -1/68 HPs)
             Began as an Octopode Fire Elementalist on June 28, 2018.
             Was an Initiate of Gozag.
             Killed from afar by an orc wizard (7 damage)
             ... with a magic dart
             ... on level 10 of the Dungeon.
             The game lasted 00:21:13 (10896 turns).

inc the Thaumaturge (Octopode Fire Elementalist)   Turns: 10896, Time: 00:21:13

Health: -1/68      AC:  4    Str:  8    XL:     10   Next: 69%
Magic:  5/24       EV: 14    Int: 23    God:    Gozag
Gold:   1317       SH:  9    Dex: 13    Spells: 24/29 levels left

rFire    . . .     SeeInvis +   M - +4 war axe
rCold    . . .     Gourm    .   p - +0 buckler
rNeg     . . .     Faith    .   (helmet restricted)
rPois    .         Spirit   .   l - +4 amulet of reflection
rElec    .         Reflect  +   k - +1 ring of evasion
rCorr    +         Harm     .   o - ring of flight
MR       +....                  m - ring of resist corrosion
Stlth    +++.......             y - +3 ring of protection
HPRegen  1.01/turn              z - +3 ring of intelligence
MPRegen  0.19/turn              K - ring of protection from magic
                                (no ring)
                                (no ring)

@: gold aura
A: almost no armour, stealthy swim, amphibious, 8 rings, constrict 8, tentacle
spike 1, camouflage 1, see invisible, regeneration 2, gelatinous body 1
a: Potion Petition, Call Merchant, Bribe Branch, Renounce Religion, Evoke Flight


You were on level 10 of the Dungeon.
You worshipped Gozag.
Gozag was most pleased with you.
You were full.

You visited 2 branches of the dungeon, and saw 11 of its levels.

You collected 1451 gold pieces.
You paid 134 gold pieces to Gozag.

Inventory:

Hand Weapons
 f - a +0 short sword
 w - a +1 flail of crushing
 J - a +1 whip of venom
 M - a +4 war axe (weapon)
Armour
 p - a +0 buckler (worn)
Jewellery
 k - a +1 ring of evasion (left tentacle)
 l - a +4 amulet of reflection (around mantle)
 m - a ring of resist corrosion (on tentacle)
 o - a ring of flight (right tentacle)
 y - a +3 ring of protection (on tentacle)
 z - a +3 ring of intelligence (on tentacle)
 K - a ring of protection from magic (on tentacle)
 L - a +4 amulet of reflection
 N - an uncursed amulet of rage {unknown}
Wands
 q - a wand of acid (6)
 s - a wand of iceblast (11)
 H - a wand of polymorph (13)
 I - a wand of paralysis (8)
 O - a wand of flame (14)
Scrolls
 b - 2 scrolls of enchant armour {unknown}
 h - a scroll of enchant weapon {unknown}
 n - 2 scrolls of teleportation
 t - a scroll of fear
 v - a scroll of random uselessness {unknown}
 x - a scroll of amnesia
 A - 5 scrolls of identify
 B - 3 scrolls of remove curse
 C - a scroll of fog {unknown}
 G - a scroll of holy word {unknown}
Potions
 a - 4 potions of brilliance
 d - 4 potions of haste
 e - 3 potions of heal wounds {unknown}
 g - a potion of agility {unknown}
 i - a potion of invisibility
 j - a potion of flight
 r - a potion of degeneration {unknown}
 u - 6 potions of curing {unknown}
 D - 2 potions of ambrosia {unknown}
 E - a potion of cancellation {unknown}
 F - a potion of might
Comestibles
 c - 13 rations


   Skills:
 - Level 6.1 Fighting
 - Level 2.0 Dodging
 - Level 2.6 Stealth
 - Level 4.0 Shields
 + Level 10.2 Spellcasting
 - Level 6.1 Conjurations
 - Level 6.1 Fire Magic


You had 24 spell levels left.
You knew the following spells:

 Your Spells              Type           Power        Failure   Level  Hunger
a - Flame Tongue          Conj/Fire      #####        1%          1    None
b - Sticky Flame          Conj/Fire      #####...     4%          4    #......

Your spell library contained the following spells:

 Spells                   Type           Power        Failure   Level  Hunger
 Fireball                 Conj/Fire      #####.....   12%         5    ####...
 Conjure Flame            Conj/Fire      #####...     1%          3    None
 Throw Flame              Conj/Fire      #####.       1%          2    None
 Spider Form              Tmut/Pois      ##........   17%         3    None
 Blade Hands              Tmut           ##........   83%         5    ####...
 Ice Form                 Ice/Tmut       ##......     50%         4    #......
 Sticks to Snakes         Tmut           ##......     9%          2    None
 Inner Flame              Hex/Fire       ####....     4%          3    None
 Beastly Appendage        Tmut           ##....       5%          1    None


Dungeon Overview and Level Annotations

Branches:
Dungeon (10/15)            Temple (1/1) D:6            Lair (0/6) D:8
    Orc: D:9-12

Altars:
Ashenzari
Cheibriados
Dithmenos
Elyvilon
Fedhas
Gozag
Hepliaklqana
Kikubaaqudgha
Makhleb
Okawaru
Qazlal
Ru
Sif Muna
Trog
Uskayaw
Vehumet
Wu Jian
Xom
Yredelemnul
Zin
The Shining One

Annotations:
D:2 Sigmund


Innate Abilities, Weirdness & Mutations

You cannot wear most types of armour.
You are very stealthy in the water. (Stealth+)
You are amphibious.
You can wear up to eight rings at the same time.
You can use your tentacles to constrict eight enemies at once.
Your skin changes colour to match your surroundings (Stealth+).
Your rubbery body absorbs attacks. (AC +1, EV +1)
One of your tentacles bears a spike.
You have supernaturally acute eyesight. (SInv)
You heal very quickly.


Message History

The orc warrior is heavily wounded.
You constrict the orc warrior, but do no damage.
You feel sick. You block the orc warrior's attack.
You barely miss the orc wizard. You grab the orc wizard.
You hit the orc warrior but do no damage.
You constrict the orc warrior. You constrict the orc wizard.
You block the orc wizard's attack. The orc warrior hits you with a mace.
The orc wizard hits you but does no damage.
You hit the orc wizard.
The orc wizard is lightly wounded.
You barely miss the orc warrior.
You constrict the orc warrior, but do no damage.
You constrict the orc wizard.
You feel sick.
You are no longer poisoned.
The orc warrior hits you with a mace!!
* * * LOW HITPOINT WARNING * * *
The orc wizard points at you and mumbles some strange words.
The magic dart hits you!
You die...
Your body crumbles into a pile of gold.

..# #'#####.############
..#########....##(##..........
..........'>...#.....)........
..<)......#....#..............
..........#....+..............
.(##.....###...####....###[...
#######+####...####....###....
......o..............
......o@$............
.....................
###..#####...####+##.
#..##.##.$.###..##
...Z..............# ..
................# .
..........$.....#
................#
.##....####...##


You could see an orc warrior and an orc wizard.

Vanquished Creatures
  A two-headed ogre (D:8)
  A troll (D:8)
  A hornet (D:9)
  A hungry ghost (D:8)
  A wraith (D:8)
  Menkaure (D:6)
  An orc warrior (D:7)
  2 phantoms (D:8)
  4 sky beasts
  5 ice beasts
  4 ogres
  2 centaurs (D:10)
  3 big kobolds
  4 bullfrogs
  A wyvern zombie (D:10)
  A scorpion (D:4)
  5 killer bees (D:10)
  4 wights (D:9)
  4 crimson imps
  A bullfrog zombie (D:9)
  A quasit (D:8)
  5 hounds
  A centaur skeleton (D:8)
  2 jellies
  5 orc priests
  11 orc wizards
  Jessica (D:2)
  Natasha (thrice) (D:2)
  An iguana (D:4)
  8 worker ants
  A killer bee zombie (D:6)
  A howler monkey zombie (D:5)
  2 hound skeletons (D:7)
  6 adders
  2 shadow imps
  An adder zombie (D:5)
  3 adder skeletons
  A worm (D:3)
  A dart slug (D:2)
  8 leopard geckos
  35 orcs
  5 bats
  3 giant cockroaches (D:1)
  5 goblins
  8 hobgoblins
  3 jackals (D:3)
  18 kobolds
  6 quokkas
  A ball python (D:3)
  6 frilled lizards
  3 leopard gecko skeletons
  A quokka zombie (D:9)
  7 rats
212 creatures vanquished.

Vanquished Creatures (others)
  A centaur (D:7)
1 creature vanquished.

Grand Total: 213 creatures vanquished

Notes
Turn   | Place    | Note
-------+----------+-------------------------------------------
     0 | D:1      | inc the Octopode Fire Elementalist began the quest for the Orb.
     0 | D:1      | Reached XP level 1. HP: 11/11 MP: 3/3
   221 | D:1      | Reached XP level 2. HP: 17/17 MP: 1/5
  1027 | D:2      | Found a basalt altar of Yredelemnul.
  1107 | D:2      | Reached XP level 3. HP: 21/21 MP: 2/6
  1182 | D:2      | Noticed Natasha
  1191 | D:2      | Killed Natasha
  1326 | D:2      | Noticed Sigmund
  1377 | D:2      | Noticed Jessica
  1380 | D:2      | Killed Jessica
  1380 | D:2      | Reached XP level 4. HP: 27/27 MP: 4/7
  1380 | D:2      | Noticed Natasha
  1403 | D:2      | Killed Natasha
  1473 | D:2      | Reached XP level 5. HP: 7/31 MP: 0/8
  1820 | D:2      | Noticed Natasha
  1832 | D:2      | Killed Natasha
  1875 | D:2      | HP: 1/31 [poisoned by a worker ant]
  2996 | D:3      | Reached XP level 6. HP: 32/36 MP: 6/9
  3606 | D:4      | Learned a level 4 spell: Sticky Flame
  3963 | D:4      | Reached XP level 7. HP: 21/41 MP: 2/10
  4250 | D:4      | Gained mutation: Your mind is acute. (Int +2) [potion of mutation]
  4250 | D:4      | Gained mutation: Your body sometimes deteriorates upon taking damage. [potion of mutation]
  4250 | D:4      | Gained mutation: One of your tentacles bears a spike. [potion of mutation]
  4608 | D:4      | Lost mutation: Your mind is acute. (Int +2) [potion of mutation]
  4608 | D:4      | Lost mutation: Your body sometimes deteriorates upon taking damage. [potion of mutation]
  4608 | D:4      | Gained mutation: You have supernaturally acute eyesight. (SInv) [potion of mutation]
  4608 | D:4      | Gained mutation: Your natural rate of healing is unusually fast. [potion of mutation]
  4608 | D:4      | Gained mutation: You heal very quickly. [potion of mutation]
  4756 | D:4      | Reached skill level 5 in Conjurations
  4756 | D:4      | Reached skill level 5 in Fire Magic
  4967 | D:5      | Entered Level 5 of the Dungeon
  5797 | D:6      | Found a staircase to the Ecumenical Temple.
  5810 | Temple   | Entered the Ecumenical Temple
  5814 | Temple   | Reached XP level 8. HP: 46/46 MP: 1/11
  5942 | Temple   | Became a worshipper of Gozag Ym Sagoz the Greedy
  6183 | D:6      | Noticed Menkaure
  6233 | D:6      | Killed Menkaure
  6233 | D:6      | Reached skill level 3 in Spellcasting
  6780 | D:8      | Reached skill level 4 in Spellcasting
  6922 | D:8      | Noticed a troll
  6931 | D:8      | Killed a troll
  6931 | D:8      | Reached skill level 5 in Spellcasting
  7061 | D:8      | Reached skill level 6 in Spellcasting
  7061 | D:8      | Reached XP level 9. HP: 51/51 MP: 14/18
  7350 | D:8      | Found a stormy altar of Qazlal.
  7359 | D:8      | Found a staircase to the Lair.
  7557 | D:8      | Reached skill level 7 in Spellcasting
  7706 | D:8      | Noticed a two-headed ogre
  7759 | D:8      | Reached skill level 1 in Fighting
  7899 | D:8      | Killed a two-headed ogre
  7899 | D:8      | Reached skill level 5 in Fighting
  8102 | D:7      | Found a white marble altar of Elyvilon.
  8244 | D:7      | Reached XP level 10. HP: 68/68 MP: 12/21
  8412 | D:7      | Reached skill level 8 in Spellcasting
  9482 | D:9      | Found an ancient bone altar of Kikubaaqudgha.
  9563 | D:9      | Reached skill level 9 in Spellcasting
 10667 | D:10     | Entered Level 10 of the Dungeon
 10818 | D:10     | Reached skill level 10 in Spellcasting
 10896 | D:10     | Killed from afar by an orc wizard

Vault maps used:
D:1:      tarquinn_simple_flora_water_d, minmay_misc_feat_plants
D:2:      yredelemnul_altar_generic, uniq_jessica, uniq_natasha, uniq_sigmund
D:3:      first_ration
D:4:      cheibrodos_old_hovel, minmay_statues_item
D:6:      minmay_temple_entry_large_hall, uniq_menkaure
D:7:      basic_altar
D:8:      lair_entry_dummy, nicolae_qazlal_general_emergency
D:9:      overflow_temple_1_default
D:10:     minmay_orc_entry_temple_small, uniq_josephine
Temple:   regret_index_temple_sigil_plot

Skill      XL: |  1  2  3  4  5  6  7  8  9 10 |
---------------+-------------------------------+-----
Conjurations   | 2 3 4 5 6 |  6.1
Shields        | 2 3 4 |  4.0
Fire Magic     | 4 5 6 |  6.1
Spellcasting   | 6 7 10 | 10.2
Fighting       | 6 |  6.1
Dodging        | |  2.0
Stealth        | |  2.6

Action                   |  1- 3 |  4- 6 |  7- 9 | 10-12 || total
-------------------------+-------+-------+-------+-------++-------
Melee: Unarmed           |    23 |       |     5 |       ||    28
       Tentacles         |    11 |     8 |    12 |     6 ||    37
       Constrict         |    12 |    13 |    17 |    16 ||    58
       Short sword       |    24 |    54 |    38 |       ||   116
       Kick              |       |       |    22 |    11 ||    33
       Flail             |       |       |    30 |     2 ||    32
       War axe           |       |       |       |    25 ||    25
       Whip              |       |       |       |    16 ||    16
Throw: Stone             |       |     3 |       |       ||     3
 Cast: Flame Tongue      |    14 |    80 |   147 |   152 ||   393
       Sticky Flame      |       |       |     8 |    14 ||    22
  Use: Scroll            |     6 |       |     4 |       ||    10
       Potion            |       |     1 |     6 |       ||     7
 Stab: Sleeping          |     7 |     5 |     6 |     2 ||    20
  Eat: Chunk             |     1 |     6 |     6 |       ||    13
       Ration            |       |     1 |     4 |     3 ||     8
Armor: Skin              |       |     6 |    18 |    10 ||    34
Dodge: Dodged            |    32 |    40 |    70 |    53 ||   195
Block: Buckler           |     1 |    49 |    44 |    40 ||   134
       Reflection        |       |     2 |     4 |     3 ||     9

Table legend:
 A = Spawn XP
 B = Non-spawn XP
 C = Spawn XP percentage of total XP
 D = Spawn monster count
 E = Non-spawn monster count
 F = Spawn count percentage of total count
 G = Total turns spent on level
                    A         B        C        D         E        F      G
               +---------+---------+-------+---------+---------+-------+---------
         Total |       0 |    7842 |   0.0 |       0 |     213 |   0.0 | 10896
               +---------+---------+-------+---------+---------+-------+---------
           D:1 |       0 |      31 |   0.0 |       0 |      20 |   0.0 |   995
           D:2 |       0 |     237 |   0.0 |       0 |      14 |   0.0 |  1564
           D:3 |       0 |     164 |   0.0 |       0 |      27 |   0.0 |  1033
           D:4 |       0 |     451 |   0.0 |       0 |      26 |   0.0 |  1375
           D:5 |       0 |     127 |   0.0 |       0 |       8 |   0.0 |   788
           D:6 |       0 |     649 |   0.0 |       0 |       9 |   0.0 |   747
           D:7 |       0 |    1689 |   0.0 |       0 |      43 |   0.0 |  1514
           D:8 |       0 |    2298 |   0.0 |       0 |      29 |   0.0 |  1225
           D:9 |       0 |    1380 |   0.0 |       0 |      23 |   0.0 |  1314
          D:10 |       0 |     784 |   0.0 |       0 |      13 |   0.0 |   174
        Temple |       0 |      32 |   0.0 |       0 |       1 |   0.0 |   167
               +---------+---------+-------+---------+---------+-------+---------
